 Dungeon Crawl Stone Soup version 0.28-a0-1152-g9c71ebef14 (webtiles) character file.

Game seed: 15775449531487141818

25 spaghetti the Sneak (level 2, -1/27 HPs)
             Began as a Deep Dwarf Delver on Dec 14, 2021.
             Slain by a wyvern (11 damage)
             ... on level 6 of the Dungeon.
             The game lasted 00:00:56 (188 turns).

spaghetti the Sneak (Deep Dwarf Delver)              Turns: 188, Time: 00:00:57

Health: -1/27      AC:  3    Str: 15    XL:     2   Next: 86%
Magic:  1/1        EV: 12    Int: 16    God:
Gold:   20         SH:  0    Dex: 14    Spells: 1/1 levels left

rFire   . . .      SeeInvis .   a - +0 falchion {long}
rCold   . . .      Faith    .   (no shield)
rNeg    . . .      Spirit   .   b - +0 leather armour
rPois   .          Reflect  .   (no helmet)
rElec   .          Harm     .   (no cloak)
rCorr   .          Rampage  .   (no gloves)
Will    .....                   (no boots)
Stlth   +++.......              (no amulet)
HPRegen 0.00/turn               j - +6 ring of intelligence
MPRegen 0.07/turn               (no ring)

@: brilliant
A: damage resistance, heal wounds, sense surroundings 1, no regeneration
a: Heal Wounds


You were on level 6 of the Dungeon.
You visited 1 branch of the dungeon, and saw 2 of its levels.

You collected 20 gold pieces.


Innate Abilities, Weirdness & Mutations

You are resistant to damage.
You can heal yourself by infusing magical energy.
You passively map a small area around you.
You do not regenerate.


   Skills:
 - Level 2.6 Fighting
 - Level 2.0 Long Blades
 - Level 2.1 Dodging
 + Level 7.1 Stealth


You had one spell level left.
You didn't know any spells.
Your spell library was empty.

Inventory:

Hand Weapons
 a - a +0 falchion (weapon) {long}
Missiles
 h - 76 stones {throwing}
Armour
 b - a +0 leather armour (worn)
Jewellery
 i - an amulet of magic regeneration {@e2}
   (You found it on level 6 of the Dungeon)
 j - a +6 ring of intelligence (left hand)
   (You found it on level 6 of the Dungeon)
Wands
 g - a wand of digging (3)
Scrolls
 c - a scroll of fog
 d - a scroll of magic mapping {!r}
 e - a scroll of fear
Potions
 f - 3 potions of haste {@q3}

Dungeon Overview and Level Annotations

Branches:
Dungeon (6/15)
 Temple: D:4-7

Altars:

...##.......#.# , ,
...##.......#.##.. ,
.#.##.......#.##.# ,
,
...##.......#.##...
* ,
.#######...........,
.# ###.#####.##* *
.########........# ,
............####l# *
..####.####.# #@#
.........##.####.# ,
#.####.#.........# *
**
#.####.####.###### ,
, #......####.# * ,
######......# * *
######## * * * *


You could see a wyvern.


Message History

The gnoll shouts!
You hear a shout!
There is a stone staircase leading down here.
You climb downwards.
There is a stone staircase leading up here.
Unknown command.
Unknown command.
Unknown command.
i - an amulet of magic regeneration {@e2} You now have 20 gold pieces (gained 10).
h - 76 stones {throwing} (gained 16)
j - a +6 ring of intelligence A wyvern comes into view.
You feel clever.
j - a +6 ring of intelligence (left hand) Unknown command.
Unknown command.
Hit: a) +0 falchion {long}
Press: ? - help, Dir - move target, f - you
Okay, then.
Okay, then.
Unknown command.
Okay, then.
An iguana comes into view.
The iguana hisses angrily.
Okay, then.
You see here a fuming emerald potion.
k - a fuming emerald potion It was a potion of brilliance.
You feel clever all of a sudden. The iguana misses you.
Unknown command.
Unknown command.
You hit the iguana. The iguana barely misses you.
You don't know any spells.
Unknown command.
You barely miss the iguana. The iguana barely misses you.
The iguana bites you! 😮 HP[-9]
You take 9 damage, and now have 11/20 hp.
MASSIVE DAMAGE!! (PAUSE) Unknown command.
Unknown command.
You hit the iguana. The iguana closely misses you.
Unknown command.
Unknown command.
Unknown command.
You closely miss the iguana.
The iguana bites you but does no damage.
You fail to use your ability.
The iguana barely misses you.
Unknown command.
Unknown command.
Your magical essence is drained by the effort!
You feel much better.
The iguana completely misses you. 😎 HP[+9] MP[-1]
Your hp is fully restored (20).
Unknown command.
Unknown command.
You hit the iguana but do no damage.
The iguana bites you but does no damage.
You hit the iguana but do no damage. The iguana barely misses you.
You barely miss the iguana. The iguana barely misses you. x2
You slash the iguana!
The iguana bites you but does no damage.
You barely miss the iguana. The iguana barely misses you.
Unknown command.
Unknown command.
You closely miss the iguana. The iguana misses you.
You slash the iguana!
You kill the iguana!
Your Stealth skill increases to level 7!
You have reached level 2! 😎 HP[+7] MP[+1]
You now have 27 max hp (+7).
Your hp is fully restored (27).
Your mp is fully restored (1).
Unknown command.
The wyvern hisses angrily.
Okay, then.
Okay, then.
The wyvern bites you!!
Ouch! That really hurt!
* * * LOW HITPOINT WARNING * * *
😨 HP[-17]
You take 17 damage, and now have 10/27 hp.
MASSIVE DAMAGE!! (PAUSE) Unknown command.
You hit the wyvern. The wyvern barely misses you. The wyvern bites you.
* * * LOW HITPOINT WARNING * * *
😱 HP[-4]
You take 4 damage, and now have 6/27 hp.
Unknown command.
Unknown command.
Unknown command.
You feel much better. The wyvern misses you. 😕 HP[+19]
You regained 19 hp, and now have 25/27 hp.
You hit the wyvern but do no damage. The wyvern bites you!
Ouch! That really hurt!
* * * LOW HITPOINT WARNING * * *
The wyvern bites you!
You die...

Skill      XL: |  1 |
---------------+----+-----
Stealth        | 7 |  7.1
Fighting       | |  2.6
Long Blades    | |  2.0
Dodging        | |  2.1

Action                   || total
-------------------------++-------
Melee: Falchion          ||    13
 Abil: Heal Wounds       ||     2
  Use: Scroll            ||     1
       Potion            ||     1
Armor: Leather armour    ||     3
Dodge: Dodged            ||    13

Levels and vault maps discovered:
D:5:      layout_rooms, serial_shops, shop
D:6:      layout_loops_cross, uniq_blork_the_orc

Notes
Turn   | Place    | Note
-------+----------+-------------------------------------------
     0 | D:5      | spaghetti the Deep Dwarf Delver began the quest for the
                  | Orb.
     0 | D:5      | Reached XP level 1. HP: 20/20 MP: 1/1
     0 | D:5      | magus.rc [v1.9.6]
    41 | D:5      | Noticed an ice beast
   127 | D:6      | Noticed a wyvern
   145 | D:6      | Noticed an iguana
   169 | D:6      | Killed an iguana
   170 | D:6      | Reached skill level 7 in Stealth
   170 | D:6      | Reached XP level 2. HP: 27/27 MP: 1/1
   186 | D:6      | HP: 6/27 [wyvern (4)]
   188 | D:6      | Slain by a wyvern

Vanquished Creatures
  An iguana (D:6)
1 creature vanquished.

Table legend:
 A = Non-vault XP
 B = Vault XP
 C = Vault XP percentage of total XP
 D = Non-vault monster count
 E = Vault monster count
 F = Vault count percentage of total count
                 A         B        C        D         E       F
            +---------+---------+-------+---------+---------+-------
      Total |      37 |       0 |   0.0 |       1 |       0 |   0.0
            +---------+---------+-------+---------+---------+-------
        D:6 |      37 |       0 |   0.0 |       1 |       0 |   0.0
            +---------+---------+-------+---------+---------+-------

Illustrated notes

Table legend:
 A = Kills in this place as a percentage of kills in entire the game.
 B = Kills by you in this place as a percentage of kills by you in the entire game.
 C = Kills by friends in this place as a percentage of kills by friends in the entire game.
 D = Other kills in this place as a percentage of other kills in the entire game.
 E = Experience gained in this place as a percentage of experience gained in the entire game.
 F = Experience gained in this place divided by the number of levels of this place that you have seen.
                   A       B       C       D       E      F
               +-------+-------+-------+-------+-------+----------------------
         Total | 100.0 | 100.0 |   N/A |   N/A | 100.0 |  18.5
       Dungeon | 100.0 | 100.0 |   N/A |   N/A | 100.0 |  18.5
               +-------+-------+-------+-------+-------+----------------------

Table legend: (Time is in decaauts)
 A = Elapsed time spent in this place.
 B = Non-inter-level travel time spent in this place.
 C = Inter-level travel time spent in this place.
 D = Time resting spent in this place.
 E = Time spent auto-exploring this place.
 F = Levels seen in this place.
 G = Mean time per level.
                   A        B        C        D        E       F      G
               +--------+--------+--------+--------+--------+-----+--------+
         Total |    189 |    189 |      0 |      0 |    117 |   2 |   94.5 |
       Dungeon |    189 |    189 |      0 |      0 |    117 |   2 |   94.5 |
               +--------+--------+--------+--------+--------+-----+--------+

Top non-repeatable levels by time:
     D:6: 123 daAuts
     D:5: 66 daAuts
